Cogmind - Beta 15 @@@ ROGUE MODE // 2025.05.23 @ 16:27:10 Player: Windjigo Result: Destroyed by Y-45 Defender with Heavy Assault Rifle Performance ------------- Evolutions (2) 1000 Regions Visited (4) 800 Robots Destroyed (8) 40 Value Destroyed (103) 103 Prototype IDs (5) 100 Alien Tech Used (0) 0 Bonus (0) 0 TOTAL SCORE: 2043 Bonus ------- None Cogmind --------- Core Integrity 0/550 Matter 91/300 Energy 57/100 System Corruption 6% Temperature Cool (9) Movement Flying (40) Location -8/Materials Parts ------- > --- POWER (1) -------- (None) > --- PROPULSION (4) --- Flight Unit > --- UTILITY (4) ------ Improved Signal Interpreter Advanced Targeting Computer Hacking Suite > --- WEAPON (2) ------- Field Laser > --- INVENTORY (5) ---- Cryofiber Web Improved Heat Sink Assault Cannon Mining Laser Peak State ------------ > --- POWER ------------ Light Ion Engine > --- PROPULSION ------- Improved Hover Unit Improved Hover Unit Improved Hover Unit Improved Hover Unit > --- UTILITY ---------- Improved Sensor Array Improved Signal Interpreter Advanced Targeting Computer Hacking Suite > --- WEAPON ----------- Improved Assault Rifle Improved Assault Rifle > --- INVENTORY -------- Flight Unit Flight Unit Cryofiber Web Autogun Mining Laser [Rating: 27] Favorites ----------- Power Light Ion Engine Engine Light Ion Engine Propulsion Improved Hover Unit Hover Unit Improved Hover Unit Flight Unit Flight Unit Utility Advanced Targeting Computer Device Improved Sensor Array Storage Small Storage Unit Processor Advanced Targeting Computer Hackware Hacking Suite Weapon Assault Rifle Energy Gun Small Laser Ballistic Gun Assault Rifle Ballistic Cannon Assault Cannon Special Weapon Mining Laser Build | -11 -10 -10 -9 -8 ------- Run | Yrd Mat Min Mat Mat Slots Evolved 4 | . . . 2 2 Power . | . . . . . Propulsion 2 | . . . 2 . Utility 2 | . . . . 2 Weapon . | . . . . . Parts Attached 35 | 2 6 3 12 12 Power 4 | . 2 1 . 1 Engine 4 | . 2 1 . 1 Core . | . . . . . Reactor . | . . . . . Propulsion 12 | . 2 1 6 3 Treads . | . . . . . Leg . | . . . . . Wheel . | . . . . . Hover 7 | . 2 1 2 2 Flight 5 | . . . 4 1 Utility 7 | . 2 . 2 3 Device 1 | . . . . 1 Storage 1 | . 1 . . . Processor 4 | . 1 . 2 1 Hackware 1 | . . . . 1 Protection . | . . . . . Artifact . | . . . . . Weapon 12 | 2 . 1 4 5 Energy Gun 4 | 1 . 1 1 1 Energy Cannon . | . . . . . Ballistic Gun 5 | 1 . . 3 1 Ballistic Cannon 2 | . . . . 2 Launcher . | . . . . . Special Weapon 1 | . . . . 1 Impact Weapon . | . . . . . Slashing Weapon . | . . . . . Piercing Weapon . | . . . . . Special Melee Weapon . | . . . . . Unidentified Prototypes 3 | . . . 2 1 Parts Lost 12 | . . 1 2 9 Power 1 | . . . . 1 Propulsion 7 | . . 1 2 4 Utility 1 | . . . . 1 Weapon 3 | . . . . 3 Highest Loss Streak 9 | . . 1 2 9 To Critical Strikes . | . . . . . Average Backups 5 | 2 6 8 6 4 Power . | 1 1 1 . . Propulsion 2 | . 2 6 3 1 Utility . | . . . . 1 Weapon 1 | . 1 1 2 2 Tool/Special . | . . . . . Unused Backups 6 | . 2 . 2 2 Power 1 | . 1 . . . Propulsion 2 | . 1 . 1 . Utility 2 | . . . . 2 Weapon 1 | . . . 1 . Tool/Special . | . . . . . Average Slot Usage (%) 76 | . 54 100 96 73 Engine 7 | . 4 14 11 6 Hover 17 | . 11 28 2 21 Flight 6 | . . . 39 . Device 2 | . . . . 5 Storage 5 | . 5 14 11 1 Processor 12 | . 4 14 11 16 Hackware 3 | . . . . 8 Energy Gun 7 | . 14 14 8 . Ballistic Gun 12 | . 14 14 12 10 Peak Build Rating 27 | 2 7 7 18 27 Average Rating 12 | 1 4 7 12 20 On Entrance 6 | . 2 7 7 18 Naked Turns . | . . . . . Heaviest Build 15 | 3 11 11 14 15 Greatest Support 28 | 3 12 12 16 28 Greatest Overweight (x) 1 | . . . . 1 Average Overweight (x) . | . . . . . Largest Inventory Capacity 8 | 5 8 8 8 8 Average Capacity 6 | 5 6 8 8 5 Most Carried 8 | 5 8 8 8 7 Average Carried 5 | 3 6 7 6 4 Final Capacity 8 | 5 8 8 8 5 Final Carried 8 | 5 8 7 7 4 Class Distribution -------------------- 100% | Mutant Dominant Class ---------------- Mutant | -10/Materials Mutant | -10/Mines Mutant | -9/Materials Mutant | -8/Materials Resources | -11 -10 -10 -9 -8 ----------- Run | Yrd Mat Min Mat Mat Matter Collected 497 | 212 97 30 26 132 Remotely . | . . . . . Salvage Created 279 | . 156 . 58 65 Parts 18 | . 10 . 2 6 Haulers Intercepted 3 | . 2 . 1 . Recyclers Shooed . | . . . . . Parts Field Recycled . | . . . . . Retrieved Matter . | . . . . . Parts Self-Destructed . | . . . . . Prevented . | . . . . . Kills | -11 -10 -10 -9 -8 ------- Run | Yrd Mat Min Mat Mat Combat Hostiles Destroyed 5 | . 3 . . 2 Guns 5 | . 3 . . 2 Classes Destroyed 3 | . 2 . . 1 Hauler 3 | . 2 . 1 . Swarmer 4 | . 3 . . 1 Grunt 1 | . . . . 1 Best Kill Streak 4 | . 4 . 1 1 Combat Bots Only 3 | . 3 . . 1 Max Kills in Single Turn 2 | . 2 . 1 1 Gunslinging 1 | . 1 . . . Exploded . | . . . . . Melee . | . . . . . Uniques/NPCs Destroyed . | . . . . . Combat | -11 -10 -10 -9 -8 -------- Run | Yrd Mat Min Mat Mat Hostile Shots Fired 215 | . 19 3 38 155 Missed 76 | . 6 2 9 59 Hits 139 | . 13 1 29 96 Projectile 139 | . 13 1 29 96 AOE 3 | . . 3 . . Critical Strikes 3 | . . . . 3 Damage Taken 1717 | . 132 98 342 1145 Core 634 | . 39 16 28 551 Absorbed by Shields . | . . . . . Core Remaining (%) 90 | 100 . 78 93 . Volleys Fired 45 | . 13 . 1 31 Largest 2 | . 2 . 1 2 Hottest 123 | . 60 . 45 123 Shots Fired 74 | . 26 . 1 47 Gun 70 | . 26 . 1 43 Cannon 3 | . . . . 3 Launcher . | . . . . . Special 1 | . . . . 1 Kinetic 50 | . 13 . . 37 Thermal 23 | . 13 . . 10 Explosive . | . . . . . Electromagnetic 1 | . . . 1 . Robot Hit Streak 8 | . 5 . 3 8 Robot Miss Streak 3 | . 2 . 1 3 Penetration Max . | . . . . . Secondary Targets 2 | . 2 . . . Max Gunslinging Chain 1 | . 1 . . . Shots Hit Robots 51 | . 17 . 1 33 Core Hits 15 | . 7 . 1 7 Critical Kills . | . . . . . Critical Parts Destroyed . | . . . . . Critical Strikes . | . . . . . Melee Attacks . | . . . . . Impact . | . . . . . Slashing . | . . . . . Piercing . | . . . . . Sneak Attacks . | . . . . . Combat Hostiles . | . . . . . Follow-up Attacks . | . . . . . Damage Inflicted 799 | . 211 . 11 577 Guns 692 | . 211 . 11 470 Cannons 71 | . . . . 71 Explosions . | . . . . . Melee . | . . . . . Ramming 36 | . . . . 36 Kinetic 543 | . 123 . . 420 Thermal 209 | . 88 . . 121 Explosive . | . . . . . Electromagnetic 11 | . . . 11 . Impact . | . . . . . Slashing . | . . . . . Piercing . | . . . . . Highest Corruption 6 | . . . . 6 Average Corruption 4 | . . . . 4 Corruption Purged . | . . . . . Corruption Blocked . | . . . . . Effects 11 | . . . . 11 Message Errors 4 | . . . . 4 Matter Fused 2 | . . . . 2 Energy Discharges 1 | . . . . 1 Parts Rejected 1 | . . . . 1 Data Loss (minor) 2 | . . . . 2 Data Loss (major) 1 | . . . . 1 Overload Shots . | . . . . . Overflow Damage . | . . . . . Projectiles . | . . . . . Explosions . | . . . . . Melee . | . . . . . Knockbacks . | . . . . . Impact . | . . . . . Kinetic . | . . . . . Secondary . | . . . . . Self-Inflicted Damage 16 | . . . . 16 Shots . | . . . . . Rammed 8 | . . . . 8 Targets Rammed 8 | . . . . 8 Kicked . | . . . . . Crushed . | . . . . . Highest Temperature 38 | . 30 . 17 38 Average Temperature 10 | . 10 . 6 10 Received Heat Transfer 720 | . 54 . 189 477 Siege Activations . | . . . . . Martial Activations . | . . . . . Shielding Activations . | . . . . . Robots Disrupted . | . . . . . Combat Hostiles . | . . . . . Robots Corrupted . | . . . . . Combat Hostiles . | . . . . . Parts Fried . | . . . . . Impact Corruptions . | . . . . . Robots Melted . | . . . . . Combat Hostiles . | . . . . . Parts Melted . | . . . . . Heat Transferred 459 | . 200 . . 259 Parts Sabotaged . | . . . . . Parts Stolen . | . . . . . Parts Stripped . | . . . . . Power Chain Reactions . | . . . . . Alert | -11 -10 -10 -9 -8 ------- Run | Yrd Mat Min Mat Mat Maximum Alert Level . | . . . . . Low Security (%) 100 | 100 100 100 100 100 Level 1 . | . . . . . Level 2 . | . . . . . Level 3 . | . . . . . Level 4 . | . . . . . Level 5 . | . . . . . High Security . | . . . . . Max Security . | . . . . . Peak Influence 90 | . 77 22 63 90 Initial 22 | . . 22 . 16 Average 18 | . 30 7 24 16 Influence Increases 370 | . 99 5 90 176 Destroy 0b10 Robot/C 100 | . 60 . . 40 Destroy 0b10 Robot/NC 20 | . 10 5 5 . Destroy Leader 16 | . 14 . 2 . Successful Hack 8 | . . . 8 . Disable Machine 15 | . . . . 15 Destroy Structure 1 | . . . . 1 Partial Spotted 15 | . 15 . . . Lose Combat Pursuer 195 | . . . 75 120 Influence Decreases 280 | . 40 64 50 126 Entered New Map 61 | . . 37 . 24 Time Decay 173 | . 40 22 30 81 Lost Part 41 | . . . 20 21 Lost Ally 5 | . . 5 . . Squads Dispatched 1 | . . . . 1 Investigation . | . . . . . Extermination . | . . . . . Reinforcement 1 | . . . . 1 Assault . | . . . . . Garrison . | . . . . . Intercept . | . . . . . Searches Triggered . | . . . . . Construction Impeded . | . . . . . Haulers Reinforced . | . . . . . Active Scanning Responses . | . . . . . Cargo Convoy Interrupts . | . . . . . Stealth | -11 -10 -10 -9 -8 --------- Run | Yrd Mat Min Mat Mat Distress Signals 2 | . . . 1 1 Communications Jammed . | . . . . . Distress Signals . | . . . . . Times Spotted 43 | . 6 2 12 23 Peak Tracking Total 12 | . 3 2 6 12 Tactical Retreats 5 | . . . 2 3 Traps | -11 -10 -10 -9 -8 ------- Run | Yrd Mat Min Mat Mat Traps Triggered . | . . . . . Indirectly . | . . . . . Trap Hack Attempts . | . . . . . Triggered . | . . . . . Disarmed . | . . . . . Reprogrammed . | . . . . . Reused . | . . . . . Traps Extracted . | . . . . . Installed . | . . . . . Triggered . | . . . . . Machines | -11 -10 -10 -9 -8 ---------- Run | Yrd Mat Min Mat Mat Machines Disabled 2 | . 1 . . 1 Max in Single Turn 1 | . 1 . . 1 Machines Repaired . | . . . . . Machines Dismantled . | . . . . . Machines Sabotaged . | . . . . . Overloaded Fab Kills . | . . . . . Hacking | -11 -10 -10 -9 -8 --------- Run | Yrd Mat Min Mat Mat Machines Accessed 7 | . . . 4 3 Terminals 6 | . . . 4 2 Fabricators . | . . . . . Repair Stations . | . . . . . Recycling Units 1 | . . . . 1 Scanalyzers . | . . . . . Garrison Access . | . . . . . Total Hacks 23 | . . . 13 10 Successful 10 | . . . 7 3 Failed 13 | . . . 6 7 Catastrophic . | . . . . . Database Lockouts . | . . . . . Manual 13 | . . . 8 5 Terminals 18 | . . . 13 5 Fabricators . | . . . . . Repair Stations . | . . . . . Recycling Units 5 | . . . . 5 Scanalyzers . | . . . . . Garrison Access . | . . . . . Terminal Hacks 3 | . . . 3 . Prototype ID Bank 1 | . . . 1 . Alert Level 1 | . . . 1 . Zone Layout 1 | . . . 1 . Fabricator Hacks . | . . . . . Repair Station Hacks . | . . . . . Recycling Unit Hacks 1 | . . . . 1 Retrieve Components 1 | . . . . 1 Scanalyzer . | . . . . . Garrison Access Hacks . | . . . . . Unauthorized Hacks 6 | . . . 4 2 Terminals 6 | . . . 4 2 Assimilate 1 | . . . 1 . Botnet 5 | . . . 3 2 Fabricators . | . . . . . Repair Stations . | . . . . . Recycling Units . | . . . . . Scanalyzers . | . . . . . Garrison Access . | . . . . . Data Cores Recovered . | . . . . . Used . | . . . . . Hacking Detections 6 | . . . 4 2 Full Trace Events . | . . . . . Feedback Events . | . . . . . Feedback Blocked . | . . . . . Robot Schematics Acquired . | . . . . . Robots Built . | . . . . . Authchips . | . . . . . Time . | . . . . . Total Robot Build Rating . | . . . . . Part Schematics Acquired . | . . . . . Parts Built . | . . . . . Authchips . | . . . . . Time . | . . . . . Total Part Build Rating . | . . . . . Parts Repaired . | . . . . . Time . | . . . . . Parts Recycled . | . . . . . Recycled Matter . | . . . . . Retrieved Matter . | . . . . . Retrieved Components 1 | . . . . 1 Parts Scanalyzed . | . . . . . Part Schematics Acquired . | . . . . . Parts Damaged . | . . . . . Bothacking | -11 -10 -10 -9 -8 ------------ Run | Yrd Mat Min Mat Mat Used RIF Installer . | . . . . . Robots Hacked . | . . . . . Non-combat . | . . . . . Combat . | . . . . . Robot Hacks Applied . | . . . . . Relay Couplers Released . | . . . . . Fabnet Peak Effective % . | . . . . . Robots Rewired . | . . . . . Allies Hacked . | . . . . . Hacks Repelled . | . . . . . Allies | -11 -10 -10 -9 -8 -------- Run | Yrd Mat Min Mat Mat Total Allies 2 | . . 1 1 . Largest Group 1 | . . 1 1 . Highest-Rated Group 31 | . . 31 10 . Highest-Rated Ally 31 | . . 31 10 . Total Orders . | . . . . . Ally Attacks 4 | . . 4 . . Total Damage 43 | . . 43 . . Kills 1 | . . 1 . . Allies Corrupted . | . . . . . Allies Melted . | . . . . . Intel | -11 -10 -10 -9 -8 ------- Run | Yrd Mat Min Mat Mat Active Infowar (turns) 420 | . 51 102 59 208 Sensors 208 | . . . . 208 T.N.C. 212 | . 51 102 59 . Robot Analysis Total . | . . . . . Derelict Logs Recovered . | . . . . . Drone Launches . | . . . . . Drone Recoveries . | . . . . . Exploration | -11 -10 -10 -9 -8 ------------- Run | Yrd Mat Min Mat Mat Turns Passed 702 | 34 152 102 99 315 Spaces Moved 864 | 49 176 164 209 266 Core 282 | 49 117 . . 116 Treads . | . . . . . Legs . | . . . . . Wheels . | . . . . . Hover 374 | . 59 164 7 144 Flight 208 | . . . 202 6 Fastest Speed 31 | 50 50 56 31 40 Average Speed 47 | 50 52 56 31 50 Slowest Speed 100 | 50 60 56 56 100 Overloaded Moves . | . . . . . Propulsion Burnouts . | . . . . . Robots Hopped 3 | . . . 1 2 Potential Cave-ins . | . . . . . Cave-ins Triggered . | . . . . . Exploration Rate (%) 27 | 3 27 50 30 29 Regions Visited 4 Branch Regions 1 Pre-discovered Areas . | . . . . . Known Exits Taken . | . . . . . Unknown Exits Taken 4 | 1 1 1 1 . Scrap Searched . | . . . . . Spaces Dug . | . . . . . Terrain Destroyed . | . . . . . Melee . | . . . . . Projectile . | . . . . . AOE . | . . . . . Terrain Rammed . | . . . . . Walls Destroyed . | . . . . . Machines Disabled . | . . . . . Actions | -11 -10 -10 -9 -8 --------- Run | Yrd Mat Min Mat Mat Total 1077 | 57 209 173 243 395 Wait 73 | . 4 5 . 64 Move 854 | 48 175 163 206 262 Hop 3 | . . . 1 2 Pick Up 31 | 7 8 1 11 4 Fast Attach 11 | . 3 . 3 5 Attach 17 | 2 2 1 7 5 Detach 3 | . . . 2 1 Swap 12 | . 1 2 2 7 Drop 20 | . 3 1 10 6 Fire 45 | . 13 . 1 31 Melee . | . . . . . Ram 8 | . . . . 8 Kick . | . . . . . Crush . | . . . . . Escape Stasis . | . . . . . Rewire . | . . . . . Trap . | . . . . . Miscellaneous . | . . . . . Route ------- -11/Scrapyard -10/Materials -10/Mines (discovered 2 exits: *Mat x2) -9/Materials -8/Materials History --------- Turn | Location | Event 15 | -11/Scrapyard | Discovered new exit (range 16) 35 | -11/Scrapyard | Entered Materials 169 | -10/Materials | Discovered new exit (range 6) 187 | -10/Materials | Entered Mines 209 | -10/Mines | Received a Mining Laser from a helpful Derelict 231 | -10/Mines | Discovered new exit (range 8) 271 | -10/Mines | Discovered new exit (range 6) 275 | -10/Mines | Assembled infested the area 289 | -10/Mines | Entered Materials 289 | -9/Materials | Evolved 2 slots: Propulsion x2 372 | -9/Materials | Discovered new exit (range 16) 388 | -9/Materials | Entered another Materials area 388 | -8/Materials | Evolved 2 slots: Utility x2 448 | -8/Materials | Build established: Mutant 643 | -8/Materials | Core integrity fell below 50% 659 | -8/Materials | Lost 9 parts (1p4n1u3w) 675 | -8/Materials | Core integrity fell below 20% 703 | -8/Materials | Destroyed by Y-45 Defender with Heavy Assault Rifle Last Messages --------------- 00639_ Matter Pump disabled. 00640_ Acquired 3 matter. 00645_ Slug penetrates S-10 Pest. 00645_ S-10 Pest destroyed. 00654_ U-05 Engineer builds a Door. 00654_ Critical hit (Burn: +37). 00656_ System corrupted: Component data lost. 00663_ Acquired Field Laser. 00682_ S-10 Pest destroyed. 00692_ SD62JPU/CFBVZEDMZP:Q,1HQI #JCNQ5Y& 00697_ S-10 Pest heat spikes uncontrollably. 00697_ Critical hit (Burn: +37). 00697_ S-10 Pest overheating. 00697_ ALERT: Hostiles spotted, dispatching reinforcements to Terminal M006. 00698_ Acquired Flight Unit. 00699_ S-10 Pest heat spikes uncontrollably. 00700_ S-10 Pest heat damages core (-2). 00700_ Critical hit (Burn: +37). 00700_ S-10 Pest overheating. Map ----- +----------------------------------------------------+ | ?????????????????????????????????????????????????? | | ?????????????????????????????????????????????????? | | ?????????????????????????????????????????????????? | | ?????????????????????????????????????????????????? | | ?????????????????????????????????????????????????? | | ?????????????????????????????????????????????????? | | ?????????????????????????????????????????????????? | | ?????????????????????????????????????????????????? | | ?????????????????????????????????????????????????? | | ?????????????????????????????????????????????????? | | ?????????????????????????????????????????????????? | | ?????????????????????????????????????????????????? | | ?????????????????????????????????????????????????? | | ?????????????????????????????????????????????????? | | ?????????????????????????????????????????????????? | | ?????????????????????????????????????????????????? | | ?????????????????????????????????????????????????? | | ?????????????????????????????????????????????????? | | ???? ????????????????????????????????????????????? | | ???? ##########+####????????????????????????????? | | ???? #?????####???????????????????? | | ????? #?????# !##??????????????????? | | ?????? "" #?????#* !#??????????????????? | | ??????? G" #######Ys!#??????????????????? | | ??????? """ "" Y !#??????????????????? | | ??????? """ gg @ !#??????????????????? | | ????"" """ !##??????????????????? | | ? ####???????????????????? | | ? ! h#######??????????????????????? | | ? #????????????????????????????? | | ??####+###########/#########?????????????????????? | | ?????????????# #?????????????????????? | | ?????????????# #?????????????????????? | | ?????????????# """ """ """ #?????????????????????? | | ????????????## """ """ """ #?????????????????????? | | ????????????# """ """ """ #?????????????????????? | | ????????????## #?????????????????????? | | ?????????????######/########?????????????????????? | | ????????????????# ###########????????????????? | | ???############## #????????????????? | | ?? #????????????????? | | ?? #????????????????? | | ?? ####### #????????????????? | | ????############## #######??? #????????????????? | | ?????????????????# # #?????????????????????? | | ?????????????????# # """ #?????????????????????? | | ?????????????????+ + """ #?????????????????????? | | ?????????????????# # """ #?????????????????????? | | ?????????????????# # #?????????????????????? | | ?????????????????# #? #?????????????????????? | +----------------------------------------------------+ Best States ------------- Heat Dissipation 31 Energy Generation 10 Energy Capacity 125 Matter Stores 300 Matter Capacity 300 Sight Range 16 Robot Scan Range 15 Terrain Scan Density 10 Evasion (%) 63 Targeting Accuracy 8 Offensive Hacking 10 Item Schematics ----------------- None Robot Schematics ------------------ None Fabricated ------------ Nothing Repaired ---------- Nothing Alien Tech Used ----------------- None Achievements -------------- None Challenges ------------ None Game ------ Seed AmuletStrikeDerivative Manual? 0 Play Time 00:17:44 Cumulative 66.3 hours Start 2025.05.23 @ 16:09:51 End 2025.05.23 @ 16:27:10 Sessions 1 Manual Loads 0 Difficulty Rogue Special Mode None Game No. 43 Rogue 43 Adventurer 0 Explorer 0 Win Type - Total 0 Types 0/0/0/0/0/0/0/0/0/0 Lore% 46 Gallery% 40 Achievement% 37 Wizard Run 0 Options --------- Layout 1 ASCII 0 Keyboard 0 Movement Mouse Keybinds 0 Fullscreen 1 Font 24/Smallcaps Map View 50x35 Zoom Use 0% Tactical HUD 1 Map Filters NONE Filters NONE Steam 1 RUN: abd9a678-7d61-439e-947d-4fd7c6ffb2e1